 Dungeon Crawl Stone Soup version 0.29-a0-214-g17f627cfee (webtiles) character file.

Game seed: 9989627979448675723

71 spaghetti the Skirmisher (level 4, -5/39 HPs)
             Began as a Mummy Delver on Feb 24, 2022.
             Slain by an orc
             ... wielding a +0 mace
              (8 damage)
             ... on level 4 of the Dungeon.
             The game lasted 00:01:13 (985 turns).

spaghetti the Skirmisher (Mummy Delver)              Turns: 985, Time: 00:01:14

Health: -5/39      AC:  3    Str: 17    XL:     4   Next: 5%
Magic:  4/4        EV: 11    Int:  9    God:
Gold:   20         SH:  0    Dex: 13    Spells: 3/3 levels left

rFire   x . .      SeeInvis .   a - +0 falchion {long}
rCold   + . .      Faith    .   (no shield)
rNeg    + + +      Spirit   .   b - +0 leather armour
rPois   ∞          Reflect  .   (no helmet)
rElec   .          Harm     .   (no cloak)
rCorr   .          Rampage  .   (no gloves)
Will    .....                   (no boots)
Stlth   ++........              (no amulet)
HPRegen 0.13/turn               (no ring)
MPRegen 0.09/turn               (no ring)

@: no status effects
A: cold resistance 1, negative energy resistance 3, torment resistance 2, heat
vulnerability 1, no potions
a: no special abilities


You were on level 4 of the Dungeon.
You visited 1 branch of the dungeon, and saw 4 of its levels.

You collected 20 gold pieces.


Innate Abilities, Weirdness & Mutations

You are immune to poison.
Your flesh is cold resistant. (rC+)
You are immune to negative energy. (rN+++)
You are immune to unholy pain and torment.
You are vulnerable to heat. (rF-)
You do not drink.


   Skills:
 + Level 5.0 Fighting
 - Level 1.5 Long Blades
 - Level 1.5 Dodging
 - Level 4.1 Stealth


You had 3 spell levels left.
You didn't know any spells.
Your spell library contained the following spells:

 Spells                   Type           Power      Damage    Failure   Level
 Blink                    Tloc           0%         N/A       58%         2
 Lesser Beckoning         Tloc           0%         N/A       83%         3
 Summon Ice Beast         Ice/Summ       0%         N/A       99%         4
 Manifold Assault         Tloc           0%         N/A       100%        5
 Summon Mana Viper        Hex/Summ       0%         N/A       100%        5
 Monstrous Menagerie      Summ           0%         N/A       100%        7

Inventory:

Hand Weapons
 a - a +0 falchion (weapon) {long}
 j - a +0 flail of protection {mace}
   (You took it off an orc on level 4 of the Dungeon)
Missiles
 h - 5 poisoned darts (quivered) {throwing}
 k - 74 stones {throwing}
Armour
 b - a +0 leather armour (worn)
Wands
 f - a wand of digging (3)
 i - a wand of acid (7)
   (You found it on level 3 of the Dungeon)
Scrolls
 c - a scroll of fog
 d - a scroll of magic mapping {!r}
 e - a scroll of fear
 g - a scroll of acquirement {unknown}
 l - a scroll of teleportation {unknown}

Dungeon Overview and Level Annotations

Branches:
Dungeon (5/15)
 Temple: D:4-7

Altars:

#.##..##.#...#########.<#######
#.##.....#....................#
#.###.##.#....#.#.####..#####.#
#.###.#.......#.#.####..# #.#
#.....'.......#.#.#.....# #.#
#.###.#.......#.#.#.##.## #.#
#...............#......# #.#
###.#.........###.#.#########.#
...............o@.............#
###.#.#.##.######.#..##########
..#.#.#..).............#
#.#.#.#..#.######.#.##.#
.........#.............#
###.#....##.......#.####
....#.<...........#.#
#####.##.........##.#
............#######.#


You could see an orc.


Message History

The orc hits you with a +0 flail of protection. 😕 HP[-3]
You take 3 damage, and now have 29/32 hp.
You barely miss the orc. The orc barely misses you.
You hit the orc. The orc barely misses you.
You hit the orc.
You kill the orc!
No target in view!
No target in view!
No target in view!
No target in view!
No target in view!
No target in view!
No target in view!
No target in view!
No target in view!
No target in view!
No target in view!
j - a +0 flail of protection {mace};
k - 47 stones {throwing}
l - a scroll labelled DORCHU TAXUI You see here an orc corpse. 😎 HP[+3]
Your hp is fully restored (32).
Things that are here:
a +0 falchion {long}; an orc corpse A hobgoblin comes into view.
A hobgoblin is nearby!
A hobgoblin is nearby!
The hobgoblin shouts!
You hit the hobgoblin.
You kill the hobgoblin!
No target in view!
No target in view!
No target in view!
No target in view!
No target in view!
No target in view!
No target in view!
No target in view!
k - 74 stones {throwing} (gained 27) Key pressed, stopping explore.
There is an open door here.
There is an open door here.
There is a stone staircase leading down here.
There is a stone staircase leading up here.
An orc is nearby!
The orc shouts!
You hit the orc. The orc barely misses you.
The orc hits you with a +0 dagger. 😕 HP[-1]
You take 1 damage, and now have 31/32 hp.
You closely miss the orc.
The orc hits you with a +0 dagger. 😕 HP[-1]
You take 1 damage, and now have 30/32 hp.
You closely miss the orc. The orc closely misses you.
The orc shouts!
You hit the orc.
The orc hits you with a +0 dagger. 😕 HP[-2]
You take 2 damage, and now have 28/32 hp.
You closely miss the orc.
The orc hits you with a +0 dagger. 😕 HP[-3]
You take 3 damage, and now have 25/32 hp.
You barely miss the orc.
The orc hits you with a +0 dagger. 😮 HP[-1]
You take 1 damage, and now have 24/32 hp.
You are too injured to fight recklessly!
You are too injured to fight recklessly!
There are monsters nearby!
You are too injured to fight recklessly!
Unknown command.
You barely miss the orc. The orc misses you.
You hit the orc.
You kill the orc!
The orc hits you with a +0 hand axe. The orc hits you with a +0 mace.
* * * LOW HITPOINT WARNING * * *
You have reached level 4! 😨 HP[-5] MP[+1]
You now have 38 max hp (+6).
Your mp is fully restored (4).
The orc barely misses you.
You hit the orc but do no damage.
The orc hits you but does no damage. 😮 HP[+1]
You closely miss the orc. The orc hits you with a +0 mace.
* * * LOW HITPOINT WARNING * * *
The orc hits you with a +0 hand axe.
* * * LOW HITPOINT WARNING * * *
😨 HP[-7]
You take 7 damage, and now have 13/38 hp.
Unknown command.
You slash the orc!
You kill the orc!
Your Fighting skill increases to level 5! 😨 HP[+1]
You now have 39 max hp (+1).
You completely miss the orc. The orc hits you with a +0 mace.
* * * LOW HITPOINT WARNING * * *
😱 HP[-6]
You take 6 damage, and now have 8/39 hp.
You hit the orc. The orc hits you with a +0 mace.
* * * LOW HITPOINT WARNING * * *
The orc hits you with a +0 mace!
You die...

Skill      XL: |  1  2  3  4 |
---------------+-------------+-----
Fighting       | 4 5 |  5.0
Long Blades    | |  1.5
Dodging        | |  1.5
Stealth        | |  4.1

Action                   |  1- 3 |  4- 6 || total
-------------------------+-------+-------++-------
Melee: Falchion          |    25 |     5 ||    30
Evoke: Wand              |     4 |       ||     4
 Stab: Sleeping          |     2 |       ||     2
Armor: Leather armour    |     5 |     1 ||     6
Dodge: Dodged            |    25 |     1 ||    26

Levels and vault maps discovered:
D:2:      cheibrodos_pilgrimage, layout_basic
D:3:      layout_loops_ring, ebering_ghost_gozag, minmay_goblin_outpost
D:4:      layout_basic, lexackson_kobold_supper
D:5:      black_bear_nest_2, layout_basic, serial_shops, shop,
          gup_sewer_entry_bowl, hangedman_decor_peaks_small, minmay_crystal_room

Notes
Turn   | Place    | Note
-------+----------+-------------------------------------------
     0 | D:5      | spaghetti the Mummy Delver began the quest for the Orb.
     0 | D:5      | Reached XP level 1. HP: 18/18 MP: 1/1
     0 | D:5      | magus.rc [v1.9.6]
    76 | D:2      | You pick up a book of Spatial Translocations and begin
                  | reading...
    76 | D:2      | You add the spells Blink, Lesser Beckoning and Manifold
                  | Assault to your library.
   104 | D:4      | HP: 1/18 [adder (4)]
   107 | D:4      | Reached XP level 2. HP: 2/25 MP: 2/2
   523 | D:4      | You pick up a book of Beasts and begin reading...
   523 | D:4      | You add the spells Summon Ice Beast, Summon Mana Viper and
                  | Monstrous Menagerie to your library.
   611 | D:4      | Reached skill level 4 in Fighting
   611 | D:4      | Reached XP level 3. HP: 14/31 MP: 3/3
   974 | D:4      | Reached XP level 4. HP: 19/38 MP: 4/4
   984 | D:4      | Reached skill level 5 in Fighting
   984 | D:4      | HP: 8/39 [orc/+0 mace (6)]
   985 | D:4      | HP: 3/39 [orc/+0 mace (5)]
   985 | D:4      | Slain by an orc

Vanquished Creatures
  An orc priest (D:4)
  3 adders
  6 orcs
  A ball python (D:3)
  A hobgoblin (D:4)
12 creatures vanquished.

Table legend:
 A = Non-vault XP
 B = Vault XP
 C = Vault XP percentage of total XP
 D = Non-vault monster count
 E = Vault monster count
 F = Vault count percentage of total count
                 A         B        C        D         E       F
            +---------+---------+-------+---------+---------+-------
      Total |     102 |       0 |   0.0 |      12 |       0 |   0.0
            +---------+---------+-------+---------+---------+-------
        D:3 |      21 |       0 |   0.0 |       4 |       0 |   0.0
        D:4 |      81 |       0 |   0.0 |       8 |       0 |   0.0
            +---------+---------+-------+---------+---------+-------

Illustrated notes

Table legend:
 A = Kills in this place as a percentage of kills in entire the game.
 B = Kills by you in this place as a percentage of kills by you in the entire game.
 C = Kills by friends in this place as a percentage of kills by friends in the entire game.
 D = Other kills in this place as a percentage of other kills in the entire game.
 E = Experience gained in this place as a percentage of experience gained in the entire game.
 F = Experience gained in this place divided by the number of levels of this place that you have seen.
                   A       B       C       D       E      F
               +-------+-------+-------+-------+-------+----------------------
         Total | 100.0 | 100.0 |   N/A |   N/A | 100.0 |  25.5
       Dungeon | 100.0 | 100.0 |   N/A |   N/A | 100.0 |  25.5
               +-------+-------+-------+-------+-------+----------------------

Table legend: (Time is in decaauts)
 A = Elapsed time spent in this place.
 B = Non-inter-level travel time spent in this place.
 C = Inter-level travel time spent in this place.
 D = Time resting spent in this place.
 E = Time spent auto-exploring this place.
 F = Levels seen in this place.
 G = Mean time per level.
                   A        B        C        D        E       F      G
               +--------+--------+--------+--------+--------+-----+--------+
         Total |    994 |    962 |     32 |    439 |    388 |   4 |  248.5 |
       Dungeon |    994 |    962 |     32 |    439 |    388 |   4 |  248.5 |
               +--------+--------+--------+--------+--------+-----+--------+

Top non-repeatable levels by time:
     D:4: 863 daAuts
     D:3: 59 daAuts
     D:5: 59 daAuts
     D:2: 12 daAuts
